 Dungeon Crawl Stone Soup version 0.20.1-1-g8b1a95d (console) character file.

98 hilaritas the Chiller (level 4, 0/36 HPs)
             Began as a Deep Elf Ice Elementalist on Aug 31, 2017.
             Was an Initiate of Vehumet.
             Killed from afar by an orc wizard (8 damage)
             ... with a magic dart
             ... on level 3 of the Dungeon.
             The game lasted 00:05:09 (2336 turns).

hilaritas the Chiller (Deep Elf Ice Elementalist)   Turns: 2336, Time: 00:05:10

Health: 0/36       AC: 22    Str:  6    XL:     4   Next: 43%
Magic:  2/10       EV:  2    Int: 20    God:    Vehumet [......]
Gold:   136        SH:  0    Dex: 15    Spells: 3/9 levels left

rFire    . . .     SeeInvis .   l - +0 dagger (curse)
rCold    . . .     Gourm    .   (no shield)
rNeg     + + +     Faith    .   (armour currently unavailable)
rPois    +         Spirit   .   (helmet currently unavailable)
rElec    .         Reflect  .   (cloak currently unavailable)
rCorr    .         Harm     .   (gloves currently unavailable)
MR       .....     NoTele   +   (boots currently unavailable)
Stlth    ++........             (no amulet)
Regen    0.2/turn               (no ring)
MPRegen  0.2/turn               (no ring)

@: tree-form
A: no striking features
a: Renounce Religion


You were on level 3 of the Dungeon.
You worshipped Vehumet.
Vehumet was noncommittal.
You were not hungry.
You were a tree.
You visited 1 branch of the dungeon, and saw 3 of its levels.

You collected 136 gold pieces.

Inventory:

Hand Weapons
 l - a cursed +0 dagger (weapon)
Missiles
 p - 55 stones (quivered)
Armour
 a - a +0 robe (melded)
 r - a scarf of spirit shield
Jewellery
 e - an uncursed ring of magical power {unknown}
 i - an uncursed ring of magical power {unknown}
 s - a cursed ring of loudness {unknown}
Wands
 n - a wand of lightning (5/15)
Scrolls
 d - a scroll of enchant weapon {unknown}
 f - 4 scrolls of identify {unknown}
 g - a scroll of amnesia {unknown}
 j - 4 scrolls of remove curse {unknown}
 k - a scroll of teleportation {unknown}
 m - a scroll of noise {unknown}
 o - a scroll of magic mapping {unknown}
 q - a scroll of blinking {unknown}
 x - a scroll of fog {unknown}
Potions
 t - a potion of lignification
 u - a potion of might {unknown}
 v - a potion of agility {unknown}
Books
 b - a book of Frost

   Spells                             Type                      Level
   a - Freeze                         Ice                          1
   b - Throw Frost                    Conjuration/Ice              2
   c - Ozocubu's Armour               Charms/Ice                   3
   d - Throw Icicle                   Conjuration/Ice              4
   e - Summon Ice Beast               Ice/Summoning                4
Comestibles
 c - a bread ration
 h - a royal jelly
 w - 4 chunks of flesh


   Skills:
 - Level 2.4 Dodging
 - Level 2.4 Stealth
 * Level 3.2 Spellcasting
 - Level 2.8 Conjurations
 - Level 5.0 Ice Magic


You had 3 spell levels left.
You knew the following spells:

 Your Spells              Type           Power        Failure   Level  Hunger
a - Freeze                Ice            ###.         1%          1    None
b - Throw Frost           Conj/Ice       ###...       4%          2    ##.....
c - Ozocubu's Armour      Chrm/Ice       ##......     16%         3    ###....


Dungeon Overview and Level Annotations

Branches:
Dungeon (3/15)

Altars:
Fedhas
Uskayaw
Vehumet


Message History

You hit something.
Something hits you but does no damage. x2
You hit something but do no damage. You hit something.
Something hits you but does no damage.
You miss something. Something hits you but does no damage.
You closely miss something.
Something hits you but does no damage. x2
You miss something. Something hits you but does no damage.
You closely miss something.
Something hits you but does no damage. x2
You barely miss something. Something hits you but does no damage.
You hit something but do no damage.
You hear some strange, mumbled words.
A puff of flame appears from out of thin air!
The puff of flame hits you!
* * * LOW HITPOINT WARNING * * *
Something hits you but does no damage.
You closely miss something. Something hits you but does no damage.
You hit something but do no damage.
You hear some strange, mumbled words.
A magic dart appears from out of thin air!
The magic dart hits you!
You die...

##.....# ##......# ###
#####.......### #...
........<......
#.########.......#
#.#....#.........#
#.....##.....#.#
#.........#.## #
#.....#####♣# ..##.##.#
#{# ........#####K..# #
...................
##...#####.#######......
##.. #..# #...#o .#..
##.# ##..K .#..#######.#
...#. .##.........## #.#
..


You could see a kobold.

Vanquished Creatures
  An orc wizard (D:3)
  An adder (D:2)
  An ooze (D:1)
  A dart slug (D:1)
  2 leopard geckos
  2 orcs (D:3)
  2 ball pythons
  10 bats
  2 giant cockroaches (D:2)
  4 goblins
  9 hobgoblins
  3 jackals (D:1)
  A quokka (D:2)
  3 frilled lizards
  3 kobolds (D:2)
  5 rats
50 creatures vanquished.

Notes
Turn   | Place    | Note
-------+----------+-------------------------------------------
     0 | D:1      | hilaritas the Deep Elf Ice Elementalist began the quest for the Orb.
     0 | D:1      | Reached XP level 1. HP: 10/10 MP: 6/6
   231 | D:1      | Reached skill level 4 in Ice Magic
   231 | D:1      | Reached XP level 2. HP: 14/15 MP: 6/8
   253 | D:1      | Learned a level 2 spell: Throw Frost
   957 | D:1      | Reached XP level 3. HP: 14/19 MP: 6/9
   962 | D:1      | Learned a level 3 spell: Ozocubu's Armour
  1409 | D:2      | You fall through a shaft!
  1543 | D:2      | Reached skill level 5 in Ice Magic
  1898 | D:2      | Found a blossoming altar of Fedhas.
  1901 | D:2      | Found a radiant altar of Vehumet.
  1905 | D:2      | Became a worshipper of Vehumet
  1909 | D:2      | Found a hide-covered altar of Uskayaw.
  1997 | D:3      | Reached XP level 4. HP: 16/24 MP: 3/10
  2336 | D:3      | Killed from afar by an orc wizard

Skill      XL: |  1  2  3 |
---------------+----------+-----
Ice Magic      | 4 5 |  5.0
Conjurations   | 2 |  2.8
Dodging        | |  2.4
Stealth        | |  2.4
Spellcasting   | |  3.2

Action                   |  1- 3 |  4- 6 || total
-------------------------+-------+-------++-------
Melee: Dagger            |     3 |    13 ||    16
 Cast: Freeze            |    63 |     9 ||    72
       Throw Frost       |       |     4 ||     4
  Use: Potion            |     2 |     1 ||     3
  Eat: Chunk             |     3 |     1 ||     4
Armor: Robe              |    12 |       ||    12
       Skin              |       |    11 ||    11
Dodge: Dodged            |    36 |     7 ||    43
